 Dungeon Crawl Stone Soup version 0.20.2-3-g29329e0561 (webtiles) character file.

1096 Alfie the Cutter (level 8, 0/103 HPs)
             Began as a Hill Orc Fighter on Jan 10, 2024.
             Succumbed to a scorpion's poison
             ... on level 5 of the Dungeon.
             The game lasted 00:11:36 (3706 turns).

Alfie the Cutter (Hill Orc Fighter)                 Turns: 3706, Time: 00:11:37

Health: 0/103      AC: 24    Str: 21    XL:     8   Next: 31%
Magic:  6/8        EV:  2    Int: 13    God:
Gold:   284        SH:  9    Dex: 10    Spells: 6/7 levels left

rFire    . . .     SeeInvis .   a - +0 rapier
rCold    . . .     Gourm    .   c - +0 shield
rNeg     + + +     Faith    .   (armour currently unavailable)
rPois    +         Spirit   .   (helmet currently unavailable)
rElec    .         Reflect  .   (cloak currently unavailable)
rCorr    .         Harm     .   (gloves currently unavailable)
MR       .....     Rnd*Rage +   (boots currently unavailable) Stlth +.........NoTele +
                                (no amulet)
Regen    0.3/turn               (no ring)
MPRegen  0.2/turn               (no ring)

@: brilliant, lethally poisoned (0 -> -4), tree-form, heavily drained
A: berserk 1, deterioration 1
a: no special abilities


You were on level 5 of the Dungeon.
You were not hungry.
You were a tree.
You visited 1 branch of the dungeon, and saw 5 of its levels.

You collected 284 gold pieces.

Inventory:

Hand Weapons
 a - a +0 rapier (weapon)
Armour
 b - a +0 scale mail (melded)
 c - a +0 shield (worn)
 g - a +1 helmet (melded)
 l - a +2 pair of boots (melded)
 q - a scarf of spirit shield (melded)
Wands
 r - a wand of polymorph (0/24)
Scrolls
 d - 3 scrolls of remove curse
 e - 2 scrolls of fear
 i - 2 scrolls of recharging
Potions
 k - 2 potions of flight
Books
 o - a book of Changes

   Spells                             Type                      Level
   a - Beastly Appendage              Transmutation                1
   b - Sticks to Snakes               Transmutation                2
   c - Spider Form                    Transmutation/Poison         3
   d - Ice Form                       Ice/Transmutation            4
   e - Blade Hands                    Transmutation                5
Comestibles
 h - 2 meat rations
 j - a bread ration
 m - 2 fruits


   Skills:
 + Level 5.6(4.1) Fighting
 + Level 6.1(4.5) Short Blades
 + Level 5.4(3.9) Armour
 + Level 1.4(0.1) Dodging
 + Level 0.6(0.0) Stealth
 + Level 5.9(4.4) Shields


You had 6 spell levels left.
You knew the following spells:

 Your Spells              Type           Power        Failure   Level  Hunger
a - Corona                Hex            #......      13%         1    ##.....


Dungeon Overview and Level Annotations

Branches:
Dungeon (5/15)
 Temple: D:4-7

Altars:
Fedhas
Vehumet

Shops:
D:4 :

Annotations:
D:5 Eustachio


Innate Abilities, Weirdness & Mutations

You tend to lose your temper in combat.
Your body sometimes deteriorates upon taking damage.
((Your movements are slightly less encumbered by armour. (ER -2)))


Message History

You cannot blink because you are held in place by your roots.
It was a scroll of blinking.
* * * LOW HITPOINT WARNING * * *
You feel sick.
You cannot move.
You cannot move.
As you read the scroll labeled CAUXKO VAPT, it crumbles to dust.
It is a scroll of amnesia.
Forget which spell ([?*] list [ESC] exit)?
Forget which spell ([?*] list [ESC] exit)?
Okay, then.
* * * LOW HITPOINT WARNING * * *
You feel sick.
As you read the scroll labeled MACAEW EPOSCH, it crumbles to dust.
You feel aware of your surroundings.
You sensed 1 altar.
It was a scroll of magic mapping.
* * * LOW HITPOINT WARNING * * *
You feel sick.
Unknown command.
You die...

#.#...,,,,....,**,**,**,*******,,
#.#...****#...###,**,*,,,,,,,,,,,
#.#...* #.#...,,**,*,,*******,,
#.##.#* #.#..#****,*,,* *,,,,,
#.##.######.##.## **,*,,****,**,*
#.##.#..........# *,,,,,,,,,,,,,,
#.##.#.####.#...##****,,****,**,*
#.........#.#....# *,,* *,**,*
####.#.#.##.#..#♣#* *,,* *,**,*
,* #.#.#.##.#..#†.# *,,* *,**,*
,* #.#.#....#..##.#* *,,* *,**,*
,* #.#.######..#*..* *,,* *,**,*
,* #.#.#****#..#*#.#**,,* *,**,*
,* #.#..,,,,...# *..*#.(* *,**,*
,* #.###****#.##*##.##..# *,**,*
,* *,* *,,,,....#..# *,**,* **
*,* ******#..#..###*,**,*


There were no monsters in sight!

Vanquished Creatures
  The ghost of Alfie the Skirmisher, an amateur HOFi (D:4)
  Grinder (D:3)
  The ghost of Alfie the Skirmisher, an amateur HOFi (D:3)
  An orc warrior (D:5)
  Blork the orc (D:4)
  A scorpion (D:5)
  2 orc priests
  An orc wizard (D:5)
  3 worker ants (D:4)
  A hound zombie (D:5)
  A hound skeleton (D:5)
  Robin (D:3)
  6 adders
  2 oozes
  A worm (D:4)
  A dart slug (D:5)
  A leopard gecko (D:4)
  9 orcs
  11 bats
  7 giant cockroaches
  16 goblins
  10 hobgoblins
  3 jackals (D:3)
  8 kobolds
  3 quokkas
  4 frilled lizards
  13 rats
110 creatures vanquished.

Notes
Turn   | Place    | Note
-------+----------+-------------------------------------------
     0 | D:1      | Alfie the Hill Orc Fighter began the quest for the Orb.
     0 | D:1      | Reached XP level 1. HP: 19/19 MP: 1/1
   273 | D:1      | Reached XP level 2. HP: 27/27 MP: 2/2
   852 | D:2      | Reached XP level 3. HP: 33/33 MP: 3/3
  1148 | D:2      | Found a radiant altar of Vehumet.
  1148 | D:2      | Found a blossoming altar of Fedhas.
  1252 | D:2      | Found a faded altar of an unknown god.
  1428 | D:2      | Reached skill level 3 in Short Blades
  1428 | D:2      | Reached XP level 4. HP: 36/40 MP: 4/4
  1470 | D:3      | Noticed Alfie's ghost (amateur HOFi)
  1493 | D:3      | Killed Alfie's ghost
  1493 | D:3      | Reached skill level 4 in Short Blades
  1493 | D:3      | Reached XP level 5. HP: 32/47 MP: 5/5
  1614 | D:3      | Reached XP level 6. HP: 53/53 MP: 6/6
  1889 | D:3      | Noticed Grinder
  1910 | D:3      | Paralysed by Grinder for 2 turns
  1923 | D:3      | Killed Grinder
  1923 | D:3      | Reached XP level 7. HP: 18/60 MP: 3/7
  2151 | D:3      | Learned a level 1 spell: Corona
  2173 | D:3      | Reached skill level 5 in Shields
  2175 | D:3      | Reached skill level 5 in Fighting
  2327 | D:3      | Noticed Robin
  2357 | D:3      | Reached skill level 1 in Dodging
  2367 | D:3      | Gained mutation: Your body sometimes deteriorates upon taking damage. [potion of mutation]
  2367 | D:3      | Gained mutation: You tend to lose your temper in combat. [potion of mutation]
  2367 | D:3      | Gained mutation: Your movements are slightly less encumbered by armour. (ER -2) [potion of mutation]
  2387 | D:3      | Killed Robin
  3042 | D:4      | Reached skill level 5 in Short Blades
  3076 | D:4      | Noticed Alfie's ghost (amateur HOFi)
  3137 | D:4      | Killed Alfie's ghost
  3137 | D:4      | Reached skill level 5 in Armour
  3374 | D:4      | Found Zashouch's Book Emporium.
  3375 | D:4      | Noticed Blork the orc
  3390 | D:4      | Killed Blork the orc
  3390 | D:4      | Reached XP level 8. HP: 67/69 MP: 6/8
  3487 | D:5      | Entered Level 5 of the Dungeon
  3497 | D:5      | Noticed Eustachio
  3540 | D:5      | Reached skill level 6 in Short Blades
  3699 | D:5      | HP: 5/103 [scorpion (2)]
  3702 | D:5      | HP: 2/103 [poisoned by a scorpion]
  3706 | D:5      | Succumbed to a scorpion's poison

Skill      XL: |  1  2  3  4  5  6  7  8 |
---------------+-------------------------+-----
Fighting       | 4 5 |  5.6
Short Blades   | 3 4 5 6 |  6.1
Armour         | 4 5 |  5.4
Shields        | 4 5 |  5.9
Dodging        | 1 |  1.4
Stealth        | |  0.6

Action                   |  1- 3 |  4- 6 |  7- 9 || total
-------------------------+-------+-------+-------++-------
Melee: Rapier            |   129 |    81 |   324 ||   534
       Unarmed           |       |       |     2 ||     2
  Use: Scroll            |     3 |     1 |     5 ||     9
       Potion            |       |     1 |     9 ||    10
 Stab: Invisible         |       |       |     5 ||     5
  Eat: Royal jelly       |     1 |       |       ||     1
       Bread ration      |       |     1 |     1 ||     2
Armor: Scale mail        |    89 |    28 |   204 ||   321
Dodge: Dodged            |    56 |    15 |   171 ||   242
Block: Shield            |    76 |    33 |   222 ||   331
